IL
TOLEDO MUD HENS @ LOUISVILLE BATS
06/11/2098
 
TOP OF THE 1ST
Toledo Mud Hens batting - Pitching for Louisville Bats : RHP Harley Sinclair
Pitching: RHP Harley Sinclair
Batting: RHB Steve Selmon 0-0: Ball
1-0: Called Strike
1-1: Foul Ball, location: 2F
1-2: SINGLE (Groundball, 6MD, EV 96.9 MPH)
Batting: LHB Denny Marshall 0-0: 2-RUN HOME RUN (Flyball, 89XD, EV 102.5 MPH), Distance : 431 ft
Batting: RHB Jonah Brookhart 0-0: Ball
1-0: Foul Ball, location: 5DF
1-1: Called Strike
1-2: Strikes out swinging
Batting: LHB John Castaneda 0-0: Ball
1-0: SINGLE (Groundball, 56D, EV 102.5 MPH)
Batting: SHB Mike Knighten 0-0: Called Strike
0-1: Ball
1-1: SINGLE (Line Drive, 34D, EV 104.4 MPH)
John Castaneda to second
Batting: RHB Jon Robinson 0-0: Called Strike
0-1: Called Strike
0-2: Foul Ball, location: 3FF
0-2: Strikes out swinging
Batting: RHB Tomoshi Matsuo 0-0: Ball
1-0: Ball
2-0: Ball
3-0: Called Strike
3-1: Swinging Strike
3-2: Foul Ball, location: 7LMF
3-2: Ground out 5-3 (Groundball, 56S, EV 78.8 MPH)
Top of the 1st over - 2 runs, 4 hits, 0 errors, 2 left on base; Toledo 2 - Louisville 0
BOTTOM OF THE 1ST
Louisville Bats batting - Pitching for Toledo Mud Hens : LHP Carlos Ramirez
Pitching: LHP Carlos Ramirez
Batting: LHB Juan Ortega 0-0: Ball
1-0: Ball
2-0: SINGLE (Line Drive, 34, EV 108.1 MPH)
Batting: RHB Ricky Correa 0-0: Ball
1-0: Ball
2-0: Grounds into double play, 6-4-3 (Groundball, 6, EV 87.5 MPH)
Batting: RHB Josh Simms 0-0: Ball
1-0: Fly out, F9 (Flyball, 9S, EV 88.1 MPH)
Bottom of the 1st over - 0 runs, 1 hit, 0 errors, 0 left on base; Toledo 2 - Louisville 0
TOP OF THE 2ND
Toledo Mud Hens batting - Pitching for Louisville Bats : RHP Harley Sinclair
Batting: LHB Chris Johnson 0-0: Called Strike
0-1: Called Strike
0-2: Ball
1-2: Ball
2-2: Strikes out swinging
Batting: RHB Jim Unknown 0-0: Ball
1-0: Swinging Strike
1-1: Foul Ball, location: 25FF
1-2: Ball
2-2: Strikes out swinging
Batting: RHB Steve Selmon 0-0: Ball
1-0: Ball
2-0: Foul Ball, location: 5DF
2-1: Called Strike
2-2: Foul Ball, location: 5F
2-2: Fly out, F8 (Flyball, 8LS, EV 93.1 MPH)
Top of the 2nd over - 0 runs, 0 hits, 0 errors, 0 left on base; Toledo 2 - Louisville 0
BOTTOM OF THE 2ND
Louisville Bats batting - Pitching for Toledo Mud Hens : LHP Carlos Ramirez
Batting: RHB Rodolfo Gutierrez 0-0: Ball
1-0: Ball
2-0: Fly out, F9 (Flyball, 9D, EV 103.8 MPH)
Batting: RHB Manny Hernandes 0-0: Foul Ball, location: 2F
0-1: Ball
1-1: Called Strike
1-2: Ball
2-2: Strikes out looking
Batting: RHB Walt McGraw 0-0: Called Strike
0-1: Fly out, F8 (Line Drive, 8LD, EV 86.3 MPH)
Bottom of the 2nd over - 0 runs, 0 hits, 0 errors, 0 left on base; Toledo 2 - Louisville 0
TOP OF THE 3RD
Toledo Mud Hens batting - Pitching for Louisville Bats : RHP Harley Sinclair
Batting: LHB Denny Marshall 0-0: Ball
1-0: Called Strike
1-1: Called Strike
1-2: Strikes out looking
Batting: RHB Jonah Brookhart 0-0: Ball
1-0: Ball
2-0: Called Strike
2-1: Ball
3-1: Called Strike
3-2: Foul Ball, location: 9LDF
3-2: Strikes out swinging
Batting: LHB John Castaneda 0-0: Fly out, F8 (Flyball, 8LD, EV 111.3 MPH)
Top of the 3rd over - 0 runs, 0 hits, 0 errors, 0 left on base; Toledo 2 - Louisville 0
BOTTOM OF THE 3RD
Louisville Bats batting - Pitching for Toledo Mud Hens : LHP Carlos Ramirez
Batting: RHB Archie Woodford 0-0: Ball
1-0: Ball
2-0: Called Strike
2-1: Foul Ball, location: 5SF
2-2: Strikes out swinging
Batting: LHB Jonathan Phillips 0-0: Ball
1-0: Ball
2-0: Ground out 6-3 (Groundball, 4, EV 100.6 MPH)
Batting: RHB Preston Phillips 0-0: Ball
1-0: Foul Ball, location: 9LSF
1-1: Foul Ball, location: 7LMF
1-2: Ground out 6-3 (Groundball, 6, EV 93.1 MPH)
Bottom of the 3rd over - 0 runs, 0 hits, 0 errors, 0 left on base; Toledo 2 - Louisville 0
TOP OF THE 4TH
Toledo Mud Hens batting - Pitching for Louisville Bats : RHP Harley Sinclair
Batting: SHB Mike Knighten 0-0: Foul Ball, location: 5FF
0-1: Foul Ball, location: 2F
0-2: Strikes out swinging
Batting: RHB Jon Robinson 0-0: Called Strike
0-1: Called Strike
0-2: Ground out 5-3 (Groundball, 5, EV 100.0 MPH)
Batting: RHB Tomoshi Matsuo 0-0: SINGLE (Groundball, 4MD, EV 95.0 MPH)
Batting: LHB Chris Johnson 0-0: Called Strike
Balk!
Tomoshi Matsuo to second
0-1: Swinging Strike
0-2: Foul Ball, location: 5DF
0-2: Strikes out looking
Top of the 4th over - 0 runs, 1 hit, 0 errors, 1 left on base; Toledo 2 - Louisville 0
BOTTOM OF THE 4TH
Louisville Bats batting - Pitching for Toledo Mud Hens : LHP Carlos Ramirez
Batting: LHB Juan Ortega 0-0: SINGLE (Groundball, 25, EV 66.9 MPH) (infield hit)
Batting: RHB Ricky Correa 0-0: Called Strike
0-1: Called Strike
0-2: Ball
1-2: Foul Ball, location: 5F
1-2: Foul Ball, location: 9LMF
1-2: Foul Ball, location: 9LMF
1-2: Ball
2-2: Ball
3-2: Fly out, F9 (Flyball, 9S, EV 103.1 MPH)
Batting: RHB Josh Simms 0-0: Ball
1-0: Ball
2-0: Ball
3-0: 2-RUN HOME RUN (Flyball, 7D, EV 102.5 MPH), Distance : 370 ft
Batting: RHB Rodolfo Gutierrez 0-0: Hit by Pitch, AND HE CHARGES THE MOUND! The benches clear!
Pitching: RHP Johnny Conway
Pinch Runner at 1st John Small:
Batting: RHB Manny Hernandes 0-0: Ball
1-0: Ball
2-0: Called Strike
2-1: Ball
3-1: Called Strike
3-2: Foul Ball, location: 3F
3-2: Foul Ball, location: 9LSF
3-2: Strikes out swinging
Batting: RHB Walt McGraw 0-0: SINGLE (Line Drive, 8RS, EV 96.9 MPH)
John Small to second
Batting: RHB Archie Woodford 0-0: SINGLE (Flyball, 9LS, EV 90.6 MPH)
John Small to third
Walt McGraw to second
Runner from 3rd tries for Home, SAFE, throw by RF to home
Batting: LHB Jonathan Phillips 0-0: Called Strike
0-1: Ball
1-1: Called Strike
1-2: Strikes out looking
Bottom of the 4th over - 3 runs, 4 hits, 0 errors, 2 left on base; Toledo 2 - Louisville 3
TOP OF THE 5TH
Toledo Mud Hens batting - Pitching for Louisville Bats : RHP Harley Sinclair
Now at 1B: John Small
Batting: RHB Jim Unknown 0-0: Called Strike
0-1: Ball
1-1: Ball
2-1: Foul Ball, location: 9LSF
2-2: Strikes out looking
Batting: RHB Steve Selmon 0-0: Ball
1-0: Fly out, F4 (Popup, 34, EV 60.6 MPH)
Batting: LHB Denny Marshall 0-0: Ball
1-0: Ball
2-0: Ball
3-0: Called Strike
3-1: Foul Ball, location: 3FF
3-2: Strikes out swinging
Top of the 5th over - 0 runs, 0 hits, 0 errors, 0 left on base; Toledo 2 - Louisville 3
BOTTOM OF THE 5TH
Louisville Bats batting - Pitching for Toledo Mud Hens : RHP Johnny Conway
Batting: RHB Preston Phillips 0-0: Ball
1-0: SINGLE (Line Drive, 7S, EV 103.1 MPH)
Batting: LHB Juan Ortega 0-0: Swinging Strike
0-1: Ball
1-1: Ball
2-1: DOUBLE (Line Drive, 78XD, EV 100.0 MPH)
Preston Phillips to third
Batting: RHB Ricky Correa 0-0: Fly out, F9 (Flyball, 9D, EV 93.8 MPH)
Runner from 3rd tags up, SCORES, throw by RF
Juan Ortega to third
Batting: RHB Josh Simms 0-0: Ball
1-0: Fly out, F7 (Line Drive, 78M, EV 87.5 MPH)
Runner from 3rd tags up, OUT at HOME! 7-2
Bottom of the 5th over - 1 run, 2 hits, 0 errors, 0 left on base; Toledo 2 - Louisville 4
TOP OF THE 6TH
Toledo Mud Hens batting - Pitching for Louisville Bats : RHP Harley Sinclair
Batting: RHB Jonah Brookhart 0-0: Foul Ball, location: 2F
0-1: Ball
1-1: Ball
2-1: Called Strike
2-2: Ball
3-2: Base on Balls
Batting: LHB John Castaneda 0-0: Called Strike
0-1: Foul Ball, location: 2F
0-2: Ball
1-2: Ball
2-2: Fly out, F4 (Popup, 4M, EV 54.4 MPH)
Batting: SHB Mike Knighten 0-0: Foul Ball, location: 2F
0-1: Foul Ball, location: 7LDF
0-2: Ball
1-2: Ball
2-2: Fly out, F8 (Flyball, 8LD, EV 104.4 MPH)
Batting: RHB Jon Robinson 0-0: Called Strike
0-1: Fly out, F7 (Flyball, 7S, EV 85.6 MPH)
Top of the 6th over - 0 runs, 0 hits, 0 errors, 1 left on base; Toledo 2 - Louisville 4
BOTTOM OF THE 6TH
Louisville Bats batting - Pitching for Toledo Mud Hens : RHP Johnny Conway
Batting: LHB John Small 0-0: Foul Ball, location: 7LDF
0-1: Fly out, F8 (Flyball, 8LM, EV 101.9 MPH)
Batting: RHB Manny Hernandes 0-0: Foul Ball, location: 25F
0-1: Ball
1-1: Ball
2-1: Foul Ball, location: 9LSF
2-2: Ball
3-2: Base on Balls
Batting: RHB Walt McGraw 0-0: Ball
1-0: SINGLE (Line Drive, 78M, EV 100.0 MPH)
Manny Hernandes to second
Batting: RHB Archie Woodford 0-0: Called Strike
0-1: Ball
Manny Hernandes steals 3rd, throwing error, E2
Manny Hernandes to third
Manny Hernandes scores
Walt McGraw to third
1-1: Foul Ball, location: 9LSF
1-2: Ground out 6-3 (Groundball, 6, EV 89.4 MPH)
Batting: LHB Jonathan Phillips 0-0: Intentional Walk
Batting: RHB Preston Phillips 0-0: Ball
1-0: Foul Ball, location: 25F
1-1: Called Strike
1-2: Ball
2-2: Foul Ball, location: 9LMF
2-2: Foul Ball, location: 9LSF
2-2: Ball
3-2: Strikes out swinging
Bottom of the 6th over - 1 run, 1 hit, 1 error, 2 left on base; Toledo 2 - Louisville 5
TOP OF THE 7TH
Toledo Mud Hens batting - Pitching for Louisville Bats : RHP Harley Sinclair
Batting: RHB Tomoshi Matsuo 0-0: Ground out 4-3 (Groundball, 4, EV 68.1 MPH)
Batting: LHB Chris Johnson 0-0: Ball
1-0: Swinging Strike
1-1: Ball
2-1: Swinging Strike
2-2: Strikes out swinging
Batting: RHB Jim Unknown 0-0: Called Strike
0-1: Called Strike
0-2: Ball
1-2: Strikes out swinging
Top of the 7th over - 0 runs, 0 hits, 0 errors, 0 left on base; Toledo 2 - Louisville 5
BOTTOM OF THE 7TH
Louisville Bats batting - Pitching for Toledo Mud Hens : RHP Johnny Conway
Pitching: RHP Marcus Collins
Batting: LHB Juan Ortega 0-0: Called Strike
0-1: Ground out 4-3 (Groundball, 4S, EV 83.8 MPH)
Batting: RHB Ricky Correa 0-0: Ball
1-0: Ball
2-0: SINGLE (Line Drive, 6MD, EV 108.8 MPH)
Batting: RHB Josh Simms 0-0: Ball
1-0: Ball
2-0: Foul Ball, location: 9LMF
2-1: Foul Ball, location: 2F
2-2: DOUBLE (Line Drive, 7LM, EV 110.0 MPH)
Ricky Correa to third
Runner from 3rd tries for Home, SAFE, throw by LF to home
Batting: LHB John Small 0-0: Intentional Walk
DELAY Rain delay of 38 minutes in the 7th inning.
Batting: RHB Manny Hernandes 0-0: Called Strike
Josh Simms steals 3rd base
0-1: Called Strike
0-2: Strikes out swinging
Batting: RHB Walt McGraw 0-0: Ball
1-0: Swinging Strike
1-1: Called Strike
1-2: Foul Ball, location: 5DF
1-2: Fly out, F8 (Flyball, 8LD, EV 86.9 MPH)
Bottom of the 7th over - 1 run, 2 hits, 0 errors, 2 left on base; Toledo 2 - Louisville 6
TOP OF THE 8TH
Toledo Mud Hens batting - Pitching for Louisville Bats : RHP Harley Sinclair
Batting: RHB Steve Selmon 0-0: Ball
1-0: Ball
2-0: Foul Ball, location: 3DF
2-1: Ball
3-1: Ground out 5-3 (Groundball, 56, EV 80.0 MPH)
Pitching: RHP Jose Salazar
Batting: LHB Denny Marshall 0-0: Fly out, F7 (Flyball, 7LM, EV 79.4 MPH)
Batting: RHB Jonah Brookhart 0-0: Ball
1-0: Called Strike
1-1: Ball
2-1: Swinging Strike
2-2: Ball
3-2: Strikes out swinging
Top of the 8th over - 0 runs, 0 hits, 0 errors, 0 left on base; Toledo 2 - Louisville 6
BOTTOM OF THE 8TH
Louisville Bats batting - Pitching for Toledo Mud Hens : RHP Marcus Collins
Batting: RHB Archie Woodford 0-0: Called Strike
0-1: Swinging Strike
0-2: Foul Ball, location: 9LDF
0-2: Ball
1-2: Ball
2-2: Fly out, F9 (Flyball, 89M, EV 97.5 MPH)
Batting: LHB Jonathan Phillips 0-0: Called Strike
0-1: Foul Ball, location: 2F
0-2: Ball
1-2: Fly out, F7 (Flyball, 7D, EV 104.4 MPH)
Batting: RHB Preston Phillips 0-0: Ball
1-0: SINGLE (Line Drive, 8LS, EV 84.4 MPH)
Batting: LHB Juan Ortega 0-0: Ground out 4-3 (Groundball, 34S, EV 89.4 MPH)
Bottom of the 8th over - 0 runs, 1 hit, 0 errors, 1 left on base; Toledo 2 - Louisville 6
TOP OF THE 9TH
Toledo Mud Hens batting - Pitching for Louisville Bats : RHP Jose Salazar
Batting: LHB John Castaneda 0-0: Called Strike
0-1: Ball
1-1: Called Strike
1-2: Strikes out swinging
Batting: SHB Mike Knighten 0-0: Swinging Strike
0-1: SINGLE (Line Drive, 7LS, EV 105.6 MPH)
Pinch Hitting: LHB Marcus Peterson 0-0: Ball
1-0: Ball
2-0: Ball
3-0: Called Strike
3-1: Called Strike
3-2: Grounds into double play, 4-6-3 (Groundball, 4, EV 84.4 MPH)
Top of the 9th over - 0 runs, 1 hit, 0 errors, 0 left on base; Toledo 2 - Louisville 6
Saturday, April 6th , 2024 - OOTP Baseball 24.11 Build 85